 Dungeon Crawl Stone Soup version 0.17-a0-72-gd614ac0 (webtiles) character file.

88 Chiseanne the Chiller (level 4, 0/27 HPs)
             Began as an Octopode Ice Elementalist on Mar 13, 2015.
             Slain by Grinder (4 damage)
             ... on level 3 of the Dungeon.
             The game lasted 00:08:03 (2361 turns).

Chiseanne the Chiller (Octopode Ice Elementalist)   Turns: 2361, Time: 00:08:03

Health: 0/27       AC:  6    Str:  8    XL:     4   Next: 54%
Magic:  6/9        EV: 12    Int: 17    God:
Gold:   130        SH:  0    Dex: 12    Spells: 3 memorised, 3 levels left

rFire  . . .     SeeInvis .     a - +0 whip (freeze)
rCold  . . .     Clarity  .     (no shield)
rNeg   . . .     SustAb   .     (helmet restricted)
rPois  .         Gourm    .     (no amulet)
rElec  .         Spirit   .     (no ring)
rCorr  .         Warding  .     (no ring)
rMut   .         Stasis   .     (no ring)
MR     .....                    (no ring)
Stlth  +++.......               (no ring)
                                (no ring)
                                (no ring)
                                (no ring)

@: icy armour, not resistant to hostile enchantments, fairly stealthy
A: almost no armour, amphibious, 8 rings, constrict 8, camouflage 1, gelatinous
body 1
a: no special abilities


You were on level 3 of the Dungeon.
You were not hungry.

You visited 1 branch of the dungeon, and saw 3 of its levels.

You collected 130 gold pieces.

Inventory:

Hand weapons
 a - a +0 whip of freezing (weapon)
Missiles
 g - 6 sling bullets
 t - 16 bolts
Scrolls
 h - a scroll of teleportation
Potions
 d - a potion of degeneration {unknown}
 i - a potion of might {unknown}
 j - a potion of flight {unknown}
 k - 2 potions of curing
 m - a potion of heal wounds {unknown}
 p - a potion of magic {unknown}
Books
 b - a book of Frost

   Spells                             Type                      Level
   a - Freeze                         Ice                          1
   b - Throw Frost                    Conjuration/Ice              2
   c - Ozocubu's Armour               Charms/Ice                   3
   d - Throw Icicle                   Conjuration/Ice              4
   e - Summon Ice Beast               Ice/Summoning                4
   f - Condensation Shield            Ice                          4
Comestibles
 c - a bread ration
 f - a beef jerky
 o - a royal jelly
 s - a meat ration


   Skills:
 - Level 2.0 Dodging
 - Level 2.6 Stealth
 * Level 3.3 Spellcasting
 - Level 1.0 Conjurations
 * Level 4.2 Ice Magic


You had 3 spell levels left.
You knew the following spells:

 Your Spells              Type           Power        Failure   Level  Hunger
a - Freeze                Ice            ###.         2%          1    None
b - Ozocubu's Armour      Chrm/Ice       ##......     24%         3    ###....
c - Throw Frost           Conj/Ice       ##....       12%         2    ##.....


Dungeon Overview and Level Annotations

Branches:
Dungeon (3/15)

Altars:
Ashenzari

Annotations:
D:3 Grinder


Innate Abilities, Weirdness & Mutations

You cannot wear most types of armour.
You are amphibious.
You can wear up to eight rings at the same time.
You can use your tentacles to constrict many enemies at once.
Your skin changes colour to match your surroundings (Stealth).
Your rubbery body absorbs attacks (AC +1).


Message History

Grinder gestures at you. You resist with significant effort.
A jackal comes into view.
The jackal completely misses you. The jackal bites you.
A goblin comes into view. It is wielding a club.
The jackal bites you. Grinder hits you.
You writhe in agony.
You can move again.
There is a stone staircase leading down here.
Casting: Freeze
Confirm with . or Enter, or press ? or * to list all spells.
A film of ice covers your body!
The goblin shouts!
The jackal misses you. The jackal bites you. Grinder hits you.
You writhe in agony.
* * * LOW HITPOINT WARNING * * *
The jackal bites you.
* * * LOW HITPOINT WARNING * * *
Grinder hits you.
You die...

##########
#<.....).#######
.
########....(..#
##..
#.†.....####.....
#.......#.[......
#.......#....g.h.
#.......#.5....#
#.......(@h....+
#......##.#....#
#########.# ...#
#.# ..# #+# ##


You could see Grinder, 2 jackals and a goblin.

Vanquished Creatures
  3 adders (D:2)
  A worm (D:2)
  A giant gecko (D:2)
  An orc (D:3)
  6 giant cockroaches
  3 goblins
  6 hobgoblins
  4 jackals
  9 kobolds
  8 bats
  2 giant newts (D:1)
  2 quokkas (D:2)
  9 rats
55 creatures vanquished.

Notes
Turn   | Place    | Note
--------------------------------------------------------------
     0 | D:1      | Chiseanne, the Octopode Ice Elementalist, began the quest for the Orb.
     0 | D:1      | Reached XP level 1. HP: 11/11 MP: 3/3
   303 | D:1      | Reached XP level 2. HP: 17/17 MP: 1/4
   784 | D:1      | Reached XP level 3. HP: 21/21 MP: 4/6
   928 | D:1      | Learned a level 3 spell: Ozocubu's Armour
   931 | D:1      | Learned a level 2 spell: Throw Frost
  1507 | D:2      | Reached skill level 4 in Ice Magic
  1763 | D:2      | Reached XP level 4. HP: 21/27 MP: 0/9
  1946 | D:2      | Found a shattered altar of Ashenzari.
  2352 | D:3      | Noticed Grinder
  2354 | D:3      | Paralysed by Grinder for 6 turns
  2361 | D:3      | Slain by Grinder

Action                   |  1- 3 |  4- 6 || total
-------------------------+-------+-------++-------
Melee: Whip              |    27 |    18 ||    45
       Short sword       |     5 |       ||     5
 Cast: Freeze            |    34 |    12 ||    46
       Throw Frost       |     4 |       ||     4
       Ozocubu's Armour  |     2 |     2 ||     4
  Use: Scroll            |       |     6 ||     6
 Stab: Sleeping          |     5 |     2 ||     7
  Eat: Chunk             |     2 |     3 ||     5
